 Dungeon Crawl Stone Soup version 0.20-a0-1008-g0de3dc5 (webtiles) character file.

249 Monsterracer the Firebug (level 5, -2/28 HPs)
             Began as a Deep Elf Fire Elementalist on Apr 14, 2017.
             Killed by nerve-wracking pain
             ... invoked by an orc priest
              (14 damage)
             ... on level 4 of the Dungeon.
             The game lasted 00:09:19 (2856 turns).

Monsterracer the Firebug (DEFE)                     Turns: 2856, Time: 00:09:20

Health: -2/28      AC:  3    Str:  3 (5)  XL:     5   Next: 86%
Magic:  10/12      EV: 13    Int: 21      God:
Gold:   157        SH:  0    Dex: 14 (15) Spells: 3/11 levels left

rFire    . . .     SeeInvis .   (no weapon)
rCold    . . .     Gourm    .   (no shield)
rNeg     . . .     Faith    .   a - +1 robe
rPois    .         Spirit   .   (no helmet)
rElec    .         Reflect  .   (no cloak)
rCorr    .         Harm     .   (no gloves)
MR       .....                  (no boots)
Stlth    ++........             (no amulet)
Regen    0.1/turn               (no ring)
MPRegen  0.2/turn               (no ring)

@: no status effects
A: no striking features
a: no special abilities


You were on level 4 of the Dungeon.
You were near starving.

You visited 1 branch of the dungeon, and saw 4 of its levels.

You collected 157 gold pieces.

Inventory:

Armour
 a - a +1 robe (worn)
Scrolls
 h - 2 scrolls of enchant armour
 o - a scroll of recharging
Potions
 d - a potion of brilliance
 f - 2 potions of curing
 l - a potion of invisibility
 m - a potion of haste
Books
 b - a book of Flames

   Spells                             Type                      Level
   a - Flame Tongue                   Conjuration/Fire             1
   b - Throw Flame                    Conjuration/Fire             2
   c - Conjure Flame                  Conjuration/Fire             3
   d - Inner Flame                    Hexes/Fire                   3
   e - Sticky Flame                   Conjuration/Fire             4
   f - Fireball                       Conjuration/Fire             5
Comestibles
 c - 4 bread rations
 n - a royal jelly


   Skills:
 - Level 2.4 Dodging
 - Level 2.4 Stealth
 + Level 3.7 Spellcasting
 * Level 4.8 Conjurations
 * Level 5.0 Fire Magic


You had 3 spell levels left.
You knew the following spells:

 Your Spells              Type           Power        Failure   Level  Hunger
a - Flame Tongue          Conj/Fire      ###..        1%          1    None
b - Conjure Flame         Conj/Fire      ###.....     6%          3    ###....
c - Sticky Flame          Conj/Fire      ###.....     21%         4    ####...


Dungeon Overview and Level Annotations

Branches:
Dungeon (4/15)
 Temple: D:4-7

Altars:
Yredelemnul

Shops:
D:4 *


Message History

Confirm with . or Enter, or press ? or * to list all spells.
You can't see any susceptible monsters within range! (Use Z to cast anyway.)
A gnoll comes into view. It is wielding a whip.
The orc wizard shouts!
The gnoll shouts!
A gnoll and a phantom come into view.
You see here 10 gold pieces.
Casting: Flame Tongue
Confirm with . or Enter, or press ? or * to list all spells.
Aiming: Flame Tongue
Press: ? - help, Shift-Dir - straight line, f - orc priest
Aim: an orc priest, wielding a short sword and wearing a leather armour The flame tongue misses the orc priest.
The orc shouts!
The gnoll shouts!
The orc priest mumbles some strange prayers to Beogh against you.
Beogh smites you!
Ouch! That really hurt!
The orc priest invokes the aid of Beogh against you.
Pain shoots through your body!
Ouch! That really hurt!
You die...

# ..### .P ###### #....
.g. .....# ##... ....
.....# .....
.Pgo####....# ..<..
.o..)..#....# #####
.W.o...#...^+....#
#....
.....o..@...#....#
#....
.......$$$..#....#
#....
###....$∩$..#....#
#....
#....$$$..#....####....
#......#..#..........##
#......#..#..........#
#......#..#......)...#
#....###..#..........#
#....#....'....#######


You could see a phantom, 2 orc priests, an orc wizard, 2 gnolls and an orc.

Vanquished Creatures
  A scorpion (D:4)
  An iguana (D:4)
  Natasha (thrice) (D:2)
  A hound skeleton (D:3)
  An adder (D:3)
  2 oozes
  A worm (D:3)
  2 dart slugs
  3 leopard geckos
  6 orcs
  A ball python (D:3)
  A giant cockroach (D:1)
  5 goblins
  6 hobgoblins (D:1)
  A quokka (D:4)
  5 bats
  4 frilled lizards
  7 kobolds
  6 rats
57 creatures vanquished.

Notes
Turn   | Place    | Note
-------+----------+-------------------------------------------
     0 | D:1      | Monsterracer the Deep Elf Fire Elementalist began the quest for the Orb.
     0 | D:1      | Reached XP level 1. HP: 10/10 MP: 6/6
   154 | D:1      | Reached XP level 2. HP: 15/15 MP: 6/8
  1117 | D:2      | Noticed Natasha
  1123 | D:2      | Killed Natasha
  1123 | D:2      | Reached XP level 3. HP: 19/19 MP: 3/9
  1132 | D:2      | Noticed Natasha
  1138 | D:2      | Killed Natasha
  1138 | D:2      | Reached skill level 4 in Fire Magic
  1138 | D:2      | Reached XP level 4. HP: 13/24 MP: 1/10
  1143 | D:2      | Learned a level 3 spell: Conjure Flame
  1148 | D:2      | Learned a level 4 spell: Sticky Flame
  1328 | D:2      | Noticed Natasha
  1344 | D:2      | Killed Natasha
  1983 | D:3      | Reached XP level 5. HP: 28/28 MP: 8/12
  2512 | D:4      | Learned a level 3 spell: Conjure Flame
  2599 | D:4      | Reached skill level 5 in Fire Magic
  2677 | D:4      | Found a basalt altar of Yredelemnul.
  2845 | D:4      | Found Ustrouc's Assorted Antiques.
  2855 | D:4      | Noticed a phantom
  2856 | D:4      | Killed from afar by an orc priest

Vault maps used:
D:1:      dpeg_arrival_court, solitary_fountain, hangedman_abyss_or_decor_stabs,
          minmay_fountain_box
D:2:      uniq_natasha
D:3:      first_bread
D:4:      kennysheep_ying_yang, serial_shops, shop_coins,
          minmay_misc_feat_plants, kennysheep_donut

Skill      XL: |  1  2  3  4  5 |
---------------+----------------+-----
Conjurations   | 3 4 |  4.8
Fire Magic     | 4 5 |  5.0
Dodging        | |  2.4
Stealth        | |  2.4
Spellcasting   | |  3.7

Action                   |  1- 3 |  4- 6 || total
-------------------------+-------+-------++-------
 Cast: Flame Tongue      |    44 |    65 ||   109
       Conjure Flame     |       |     1 ||     1
       Sticky Flame      |       |     1 ||     1
  Use: Potion            |     6 |     1 ||     7
       Scroll            |       |     5 ||     5
  Eat: Chunk             |       |     4 ||     4
Armor: Robe              |     1 |     1 ||     2
Dodge: Dodged            |     9 |     7 ||    16
